woodfighter, chaotic female elven Rogue --------------- |.............. |....%....W@..| +.........Za..| -------------.- l r l woodfighter the Cutpurse Experience level: 4 Strength: 15 Dexterity: 19 Constitution: 16 Intelligence: 10 Wisdom: 12 Charisma: 8 Health: 0(24) Energy: 18(18) Def: 5 Gold: 29 Moves: 2527 Dungeon seed: FAhnUwnhXfh4VP8r Game ID: woodfighter_1515933444 Your Inventory: Coins $ - 29 gold pieces Amulets j - an uncursed amulet of ESP (being worn) Weapons a - a +0 elven short sword (weapon in hand) b - 9 +0 elven daggers (in quiver) Armor e - an uncursed +1 leather armor (being worn) n - an uncursed +0 pair of levitation boots q - an uncursed +0 orcish helm (being worn) r - a blessed +0 elven cloak (being worn) Comestibles k - 3 uncursed tripe rations l - an uncursed food ration p - an uncursed egg x - an uncursed sprig of wolfsbane Rings m - a cursed -2 ring of increase damage Wands f - a cursed wand of teleportation (0:5) h - a wand of opening (0:3) i - a wand of magic missile (0:7) o - a wand of polymorph (0:6) P - a wand of digging (0:7) Tools g - an uncursed blindfold s - an uncursed sack y - an uncursed lock pick Contents of the sack: 330 gold pieces an uncursed scroll of blank paper an uncursed scroll of enchant weapon an uncursed scroll of gold detection an uncursed scroll of identify an uncursed scroll of light a cursed scroll of remove curse an uncursed scroll of scare monster an uncursed scroll of scare monster an uncursed scroll of teleportation a cursed spellbook of detect unseen an uncursed spellbook of restore ability an uncursed spellbook of stone to flesh an uncursed potion of extra healing a potion of holy water an uncursed potion of sickness 2 uncursed potions of water Spells and supernatural/magical abilities: Name Level Category Fail Memory W - pray for help -- divine ? -- Your skills at the end: Miscellaneous Skills wands [Basic] Weapon Skills dagger [Basic] short sword [Basic] Spellcasting Skills Final Attributes: You were piously aligned. You were sleep resistant. Your writing hand was ok. You were telepathic. You had infravision. You were stealthy. You are dead. Vanquished creatures: a paper golem 2 giant ants 2 floating eyes a kitten a kobold lord a dwarf zombie a gas spore 2 hobbits a hobgoblin 3 giant rats a red mold 2 garter snakes 4 jackals 2 foxes 2 newts 2 goblins 4 sewer rats 6 grid bugs 3 lichens 41 creatures vanquished. Voluntary challenges: You did not cause conflict. You were not invisible. You did not have reflection. You were not displaced. You used a wielded weapon 49 times, starting on turn 118. You did not apply a unicorn horn. You did not use plumbed fixtures. You did not drink any magical draughts. You were illiterate. You never genocided any monsters. You never polymorphed an object. You never changed form. You used no wishes. You never split a pudding. You never wrote Elbereth's name. You never violated your personal moral code. Dungeon overview: The Dungeons of Doom: levels 1 to 6 Level 1 an altar to Kos, some fountains, a sink a long staircase Level 2 a weapon shop, an altar to Kos Level 3 an altar to Issek, a fountain stairs to The Gnomish Mines Level 4 Level 5 (vault) a delicatessen, an altar to Issek, a fountain Level 6 <- You were here The Gnomish Mines: Level 4 stairs to The Dungeons of Doom History has recorded: On T:1 you entered the Dungeons of Doom to retrieve the Amulet of Yendor! On T:180 you reached level 2 of The Dungeons of Doom. On T:501 you reached level 3 of The Dungeons of Doom. On T:912 you advanced to experience level 2. On T:949 you reached level 4 of The Dungeons of Doom. On T:960 you advanced to experience level 3. On T:1294 you reached level 1 of The Gnomish Mines. On T:1549 you advanced to experience level 4. On T:1986 you reached level 5 of The Dungeons of Doom. On T:2526 you reached level 6 of The Dungeons of Doom. Score breakdown: Gold: 359 ( 35 points) Experience: 4 levels ( 300 points) Exploration: 6 levels ( 150 points) Discoveries: 21 items ( 1050 points) Variety of kills: 19 monsters ( 950 points) Major goal: (nothing yet) ( 0 points) Survival: died (score multiplied by 3) Total score: 7455 Latest messages: You put 330 gold pieces into the sack. You put a blessed clear potion into the sack. You finish searching. The grid bug bites! You kill the grid bug! The grid bug just misses! You kill the grid bug! You hear bubbling water. A grid bug blocks your way. You kill the grid bug! $ - 29 gold pieces. f - a pine wand. i - a hexagonal wand. m - an ivory ring. o - an iron wand. There is a staircase up here. There are many more objects here. The invisible woodfighter's ghost touches you! The soldier ant bites! The soldier ant stings! You stab the soldier ant! The soldier ant bites! The soldier ant stings! You die... Final status: Goodbye woodfighter the Rogue, killed by a soldier ant... You died in The Dungeons of Doom on dungeon level 6 with 7455 points, and 359 pieces of gold, after 2527 moves. You were level 4 with a maximum of 24 hit points when you died.